 Dungeon Crawl Stone Soup version 0.22-a0-603-gfc1114d (webtiles) character file.

46 Gildeon the Sneak (level 3, 0/18 HPs)
             Began as a Spriggan Assassin on July 7, 2018.
             Killed from afar by Natasha (3 damage)
             ... with a magic dart
             ... on level 3 of the Dungeon.
             The game lasted 00:12:49 (2394 turns).

Gildeon the Sneak (Spriggan Assassin)               Turns: 2394, Time: 00:12:50

Health: 0/18       AC:  3    Str:  8    XL:     3   Next: 46%
Magic:  4/4        EV: 18    Int: 12    God:
Gold:   72         SH:  0    Dex: 17    Spells: 2/2 levels left

rFire    . . .     SeeInvis +   a - +3 dagger
rCold    . . .     Gourm    .   (shield restricted)
rNeg     . . .     Faith    .   c - +0 robe
rPois    .         Spirit   .   (helmet restricted)
rElec    .         Reflect  .   d - +0 cloak
rCorr    .         Harm     .   (gloves unavailable)
MR       .....                  (boots unavailable)
Stlth    ++++......             (no amulet)
HPRegen  0.06/turn              (no ring)
MPRegen  0.09/turn              (no ring)

@: very quick
A: very small, unfitting armour, see invisible, herbivore, speed 3, slow
metabolism 2
a: no special abilities


You were on level 3 of the Dungeon.
You were not hungry.

You visited 1 branch of the dungeon, and saw 3 of its levels.

You collected 72 gold pieces.

Inventory:

Hand Weapons
 a - a +3 dagger (weapon)
 b - a +0 blowgun
Missiles
 e - 7 poisoned needles
 f - a curare-tipped needle
Armour
 c - a +0 robe (worn)
 d - a +0 cloak (worn)
Scrolls
 o - a scroll of enchant armour {unknown}
Potions
 h - a potion of flight
 i - a potion of haste {unknown}
 j - a potion of heal wounds {unknown}
 k - a potion of curing
 l - 3 potions of degeneration {unknown}
 m - a potion of lignification {unknown}
 n - a potion of mutation {unknown}
 r - 2 potions of might {unknown}
Comestibles
 g - 7 rations


   Skills:
 - Level 1.5 Fighting
 + Level 3.0 Short Blades
 - Level 2.0 Throwing
 + Level 3.1 Dodging
 + Level 6.6 Stealth


You had 2 spell levels left.
You didn't know any spells.
Your spell library was empty.

Dungeon Overview and Level Annotations

Branches:
Dungeon (3/15)

Altars:
Qazlal

Annotations:
D:3 Natasha, Sigmund, Terence


Innate Abilities, Weirdness & Mutations

You are very small and have problems with some larger weapons.
You are too small for most types of armour.
You have supernaturally acute eyesight. (SInv)
You are a herbivore.
You cover ground extremely quickly.
You need to consume almost no food.


Message History

Natasha is heavily wounded.
Natasha mumbles some strange words.
You barely miss Natasha.
Natasha is heavily wounded.
Natasha misses you.
You barely miss Natasha.
Natasha is heavily wounded.
The shadow imp barely misses you. Natasha closely misses you.
You closely miss Natasha.
Natasha is heavily wounded.
The shadow imp hits you. Natasha closely misses you.
You closely miss Natasha.
Natasha is heavily wounded.
The shadow imp gestures at you. Pain shoots through your body!
Ouch! That really hurt!
* * * LOW HITPOINT WARNING * * *
Natasha stares at you and mumbles some strange words.
The magic dart hits you!
You die...

#.# ##.........# #.#
#........... #.#
#........... ########.#
##..........†
#........###...........#
#........##............#
#................#######
#........##...####
#......@5##.###
#......h.#### #........#
#.......^# #........#
##########


You could see Natasha and a shadow imp.

Vanquished Creatures
  An adder (D:3)
  2 worms (D:2)
  A dart slug (D:1)
  A leopard gecko (D:1)
  3 bats
  A giant cockroach (D:3)
  4 goblins
  4 hobgoblins (D:1)
  3 jackals (D:1)
  A ball python (D:2)
  3 frilled lizards
  A kobold (D:1)
  3 rats
28 creatures vanquished.

Vanquished Creatures (others)
  A kobold (D:1)
1 creature vanquished.

Grand Total: 29 creatures vanquished

Notes
Turn   | Place    | Note
-------+----------+-------------------------------------------
     0 | D:1      | Gildeon the Spriggan Assassin began the quest for the Orb.
     0 | D:1      | Reached XP level 1. HP: 10/10 MP: 2/2
   336 | D:1      | Reached skill level 6 in Stealth
   469 | D:1      | Reached XP level 2. HP: 14/14 MP: 3/3
  1338 | D:2      | Reached XP level 3. HP: 9/18 MP: 4/4
  1790 | D:3      | Noticed Sigmund
  1791 | D:3      | Noticed Terence
  1829 | D:3      | Found a stormy altar of Qazlal.
  2384 | D:3      | Noticed Natasha
  2394 | D:3      | Killed from afar by Natasha

Vault maps used:
D:1:      shiori_arrival_oz
D:3:      lemuel_round_altar, overflow_temple_1_default, uniq_sigmund,
          uniq_terence, uniq_natasha

Skill      XL: |  1  2  3 |
---------------+----------+-----
Dodging        | 2 3 |  3.1
Stealth        | 6 |  6.6
Short Blades   | 3 |  3.0
Fighting       | |  1.5
Throwing       | |  2.0

Action                   || total
-------------------------++-------
Melee: Dagger            ||    79
 Fire: Blowgun           ||    32
  Use: Scroll            ||     4
       Potion            ||     2
 Stab: Sleeping          ||     9
Armor: Robe              ||     5
Dodge: Dodged            ||    67

Table legend:
 A = Spawn XP
 B = Non-spawn XP
 C = Spawn XP percentage of total XP
 D = Spawn monster count
 E = Non-spawn monster count
 F = Spawn count percentage of total count
 G = Total turns spent on level
                    A         B        C        D         E        F      G
               +---------+---------+-------+---------+---------+-------+---------
         Total |       0 |      67 |   0.0 |       0 |      28 |   0.0 |  2394
               +---------+---------+-------+---------+---------+-------+---------
           D:1 |       0 |      32 |   0.0 |       0 |      17 |   0.0 |  1045
           D:2 |       0 |      15 |   0.0 |       0 |       6 |   0.0 |  1096
           D:3 |       0 |      20 |   0.0 |       0 |       5 |   0.0 |   253
               +---------+---------+-------+---------+---------+-------+---------
